 Dungeon Crawl Stone Soup version 0.30-a0-218-gedb9141078 (webtiles) character file.

Game seed: 11854955777511701274

95 Decritt the Digger (level 4, -1/26 HPs)
             Began as a Gargoyle Earth Elementalist on Oct 5, 2022.
             Slain by a goblin
             ... wielding a +0 club
             ... led by Robin
              (3 damage)
             ... on level 2 of the Dungeon.
             The game lasted 00:03:12 (1307 turns).

Decritt the Digger (Gargoyle Earth Elementalist)    Turns: 1307, Time: 00:03:12

Health: -1/26      AC:  7    Str: 12    XL:     4   Next: 65%
Magic:  7/8        EV: 11    Int: 17    God:
Gold:   12         SH:  0    Dex: 10    Spells: 7/8 levels left

rFire   . . .      SeeInvis .    j - +0 whip (elec)
rCold   . . .      Faith    .    (no shield)
rNeg    + . .      Spirit   .    a - +0 robe
rPois   ∞          Reflect  .    (no helmet)
rElec   +          Harm     .    d - +0 cloak
rCorr   .          Rampage  .    (no gloves)
Will    .....                    e - +0 pair of boots
Stlth   ++........               (no amulet)
HPRegen 0.24/turn                (no ring)
MPRegen 0.11/turn                (no ring)

@: about to teleport
A: sickness immunity, AC +3, negative energy resistance 1, electricity
resistance, torment resistance 1, petrification resistance
a: no special abilities


You were on level 2 of the Dungeon.
You visited 1 branch of the dungeon, and saw 2 of its levels.

You collected 12 gold pieces.

Inventory:

Hand Weapons
 c - a +1 dagger of speed
 j - a +0 whip of electrocution (weapon)
Missiles
 g - 9 poisoned darts
Armour
 a - a +0 robe (worn)
 d - a +0 cloak (worn)
 e - a +0 pair of boots (worn)
Scrolls
 i - a scroll of summoning {unknown}
Potions
 b - a potion of magic
 f - a potion of curing {unknown}
 h - a potion of heal wounds {unknown}


   Skills:
 + Level 2.2 Fighting
 - Level 1.5 Dodging
 - Level 2.1 Stealth
 + Level 2.8 Spellcasting
 + Level 1.4 Conjurations
 - Level 0.7 Transmutations
 + Level 4.5 Earth Magic


You had 7 spell levels left.
You knew the following spells:

 Your Spells              Type           Power      Damage    Failure   Level
a - Sandblast             Erth           34%        2d9       2%          1

Your spell library contained the following spells:

 Spells                   Type           Power      Damage    Failure   Level
 Passwall                 Tmut/Erth      9%         N/A       9%          2
 Stone Arrow              Conj/Erth      24%        3d8       16%         3
 Petrify                  Tmut/Erth      11%        N/A       52%         4


Dungeon Overview and Level Annotations

Branches:
Dungeon (2/15)

Altars:

Annotations:
D:2 Robin


Innate Abilities, Weirdness & Mutations

You are immune to sickness and miasma.
Your stone body is resilient. (AC +3)
You are immune to poison.
You resist negative energy. (rN+)
You are resistant to electric shocks. (rElec)
You are resistant to unholy torment.
You are immune to petrification.


Message History

The blast of sand hits the goblin.
You kill the goblin!
The goblin shouts!
A goblin comes into view. It is wielding a +0 club. x2
A goblin comes into view. It is wielding a +2 dagger of speed.
An endoplasm comes into view.
Robin roars a battlecry!
The goblins go into a battle-frenzy!
A goblin comes into view. It is wielding a +0 club.
The goblin shouts! x2; You hear a shout!
Robin throws the goblin at you! The goblin hits you but does no damage.
You hit the goblin but do no damage. The goblin hits you with a +0 club.
The goblin closely misses you. The goblin misses you.
The adder attacks as you move away! The adder bites you but does no damage.
Robin says, "A pitiful Gargoyle like you will never find the ORB!"
Robin throws the goblin at you! The goblin barely misses you.
You barely miss the goblin. The adder bites you. x2
The goblin hits you but does no damage. Robin throws the goblin at you!
The goblin hits you but does no damage.
You barely miss the goblin. The adder closely misses you.
The goblin closely misses you. The goblin hits you with a +0 club.
The goblin hits you but does no damage.
You barely miss the goblin. You punch the goblin.
You kill the goblin!
The adder bites you but does no damage.
A goblin comes into view. It is wielding a +0 dagger.
Robin throws the goblin at you! The goblin hits you with a +0 club.
* * * LOW HITPOINT WARNING * * *
The goblin hits you with a +2 dagger of speed.
* * * LOW HITPOINT WARNING * * *
The adder bites you.
* * * LOW HITPOINT WARNING * * *
Okay, then.
As you read the scroll labelled HERANIAF SIJO, it crumbles to dust.
You feel strangely unstable.
It was a scroll of teleportation.
The goblin hits you with a +2 dagger of speed.
* * * LOW HITPOINT WARNING * * *
The goblin hits you with a +0 club.
You die...

####>.........+..)g....J
............# #g........
.....P......# #..g....<#
............# #'#
....P.......####g#####.#.
(.....PP.......r.........
##.#+..#+######ggg.....#.
#.#...P.######.S#######
#...........##g@#
###P........##gg#######...
#P8.......##..#..~.....
######.........#.~~....###
###..........#...#..~~~....
..'..........#.....~~~~P..
###..........#.....~~~~.###
..'..........#....P.≈†....#
###.........†§..§§....###.#


You could see Robin, an adder, a hobgoblin (strong), 7 goblins and a rat.

Vanquished Creatures
  2 hound skeletons (D:2)
  2 adders
  An adder skeleton (D:2)
  3 bats (D:1)
  A bat skeleton (D:2)
  A bat zombie (D:2)
  5 endoplasms (D:1)
  A giant cockroach (D:2)
  8 goblins
  3 hobgoblins (D:1)
  3 jackals (D:1)
  2 quokkas
  2 ball pythons
  A ball python skeleton (D:2)
  3 frilled lizards (D:1)
  A jackal skeleton (D:2)
  5 kobolds (D:1)
  2 rats
46 creatures vanquished.

Vanquished Creatures (others)
  5 withered plants (D:2)
5 creatures vanquished.

Grand Total: 51 creatures vanquished

Notes
Turn   | Place    | Note
-------+----------+-------------------------------------------
     0 | D:1      | Decritt the Gargoyle Earth Elementalist began the quest for
                  | the Orb.
     0 | D:1      | Reached XP level 1. HP: 10/10 MP: 3/3
   158 | D:1      | Reached XP level 2. HP: 16/16 MP: 1/5
   212 | D:1      | Reached skill level 1 in Fighting
   278 | D:1      | Reached skill level 4 in Earth Magic
   401 | D:1      | Reached XP level 3. HP: 14/20 MP: 4/6
  1048 | D:2      | Reached skill level 1 in Conjurations
  1048 | D:2      | Reached XP level 4. HP: 26/26 MP: 5/8
  1295 | D:2      | Noticed Robin
  1307 | D:2      | Slain by a goblin

Illustrated notes

Levels and vault maps discovered:
D:1:      lightli_arrival_lavapool, layout_loops_ring
D:2:      layout_basic, serial_undead, serial_undead_f, serial_undead_f,
          serial_undead_c, serial_undead_f, serial_undead_e, serial_undead_c,
          serial_undead_d, serial_undead_b, serial_undead_e, serial_undead_b,
          uniq_crazy_yiuf_cottage, uniq_sigmund, uniq_robin

Skill      XL: |  1  2  3  4 |
---------------+-------------+-----
Fighting       | 1 2 |  2.2
Earth Magic    | 4 |  4.5
Conjurations   | 1 |  1.4
Dodging        | |  1.5
Stealth        | |  2.1
Spellcasting   | |  2.8
Transmutations | |  0.7

Action                   |  1- 3 |  4- 6 || total
-------------------------+-------+-------++-------
Melee: Dagger            |    27 |     5 ||    32
       Whip              |       |     4 ||     4
       Punch             |       |     1 ||     1
 Cast: Sandblast         |    37 |    17 ||    54
  Use: Scroll            |       |     1 ||     1
Armor: Robe              |    14 |    14 ||    28
Dodge: Dodged            |    27 |    20 ||    47

Table legend: (Time is in decaauts)
 A = Elapsed time spent in this place.
 B = Non-inter-level travel time spent in this place.
 C = Inter-level travel time spent in this place.
 D = Time resting spent in this place.
 E = Time spent auto-exploring this place.
 F = Levels seen in this place.
 G = Mean time per level.
                   A        B        C        D        E       F      G
               +--------+--------+--------+--------+--------+-----+--------+
         Total |   1323 |   1306 |     17 |     43 |   1019 |   2 |  661.5 |
       Dungeon |   1323 |   1306 |     17 |     43 |   1019 |   2 |  661.5 |
               +--------+--------+--------+--------+--------+-----+--------+

Top non-repeatable levels by time:
     D:1: 968 daAuts
     D:2: 355 daAuts
